 Dungeon Sprint DCSS version 0.29-a0-857-g9b1aa3ac5b (webtiles) character file.

Game seed: 7097538705124339827

1 mhtbhm the Covered (level 1, -10/21 HPs)
             Began as a Gargoyle Fighter on July 16, 2022.
             Engulfed by a fire crab's flame (17 damage)
             ... in the Dungeon (Sprint VII: "The Pits").
             The game lasted 00:00:08 (21 turns).

mhtbhm the Covered (Gargoyle Fighter)                 Turns: 21, Time: 00:00:08

Health: -10/21     AC:  9    Str: 19    XL:     1   Next: 20%
Magic:  1/1        EV:  9    Int:  8    God:
Gold:   0          SH:  4    Dex:  9    Spells: 0/0 levels left

rFire   . . .      SeeInvis .   a - +0 war axe
rCold   . . .      Faith    .   c - +0 buckler
rNeg    + . .      Spirit   .   b - +0 scale mail
rPois   ∞          Reflect  .   (no helmet)
rElec   +          Harm     .   (no cloak)
rCorr   .          Rampage  .   (no gloves)
Will    .....      NoTele   +   (no boots)
Stlth   ..........              (no amulet)
HPRegen 0.07/turn               (no ring)
MPRegen 0.07/turn               (no ring)

@: berserking, very quick
A: sickness immunity, AC +2, negative energy resistance 1, electricity
resistance, torment resistance 1, petrification resistance
a: no special abilities


You were in the Dungeon.
You visited 1 branch

Inventory:

Hand Weapons
 a - a +0 war axe (weapon)
Armour
 b - a +0 scale mail (worn)
 c - a +0 buckler (worn)
Scrolls
 j - a scroll of blinking
Potions
 d - a potion of might
 e - a potion of curing
 f - a potion of heal wounds
 g - a potion of haste
 h - 2 potions of magic


   Skills:
 + Level 3.5 Fighting
 + Level 1.8 Axes
 + Level 3.5 Armour
 + Level 3.5 Shields


You couldn't memorise any spells.
You didn't know any spells.
Your spell library was empty.

Dungeon Overview and Level Annotations

Branches:
Dungeon (1/1)

Altars:


Innate Abilities, Weirdness & Mutations

You are immune to sickness and miasma.
Your stone body is resilient. (AC +2)
You are immune to poison.
You resist negative energy. (rN+)
You are resistant to electric shocks. (rElec)
You are resistant to unholy torment.
You are immune to petrification.


Message History

You feel a strong urge to attack something.
You slash the endoplasm!
You kill the endoplasm!
The fire crab barely misses you. The fire crab claws you.
You are engulfed in flames!
Ouch! That really hurt!
There is a huge open gate to the Metal Vault (Medium) here.
You are too injured to fight recklessly!
You are too injured to fight recklessly!
You are too injured to fight recklessly!
You are too injured to fight recklessly!
You are too injured to fight recklessly!
You are too injured to fight recklessly!
You are too injured to fight recklessly!
You are too injured to fight recklessly!
You are too injured to fight recklessly!
You are too injured to fight recklessly!
You are too injured to fight recklessly!
You are too injured to fight recklessly!
You are too injured to fight recklessly!
You are too injured to fight recklessly!
You are too injured to fight recklessly!
You are too injured to fight recklessly!
You hit the fire crab.
The fire crab is lightly wounded.
The fire crab bites you but does no damage.
The fire crab claws you but does no damage.
You slash the fire crab!
The fire crab is moderately wounded.
The fire crab bites you but does no damage.
The fire crab barely misses you.
You slash the fire crab!
The fire crab is heavily wounded.
The fire crab breathes flames at you.
The blast of flame engulfs you but does no damage.
You hit the fire crab but do no damage.
The fire crab is heavily wounded.
You are engulfed in blazing flames.
Ouch! That really hurt!
You die...

##########++######
#................#
#......#..#......#
#................+
+................+
#......#.○#......#
#........○○○.....#
####'#####@○######
#.......##t○#
#.......##○○○.
#.......##......
#...<...##.....##
#.......##...###
#.......##..##
#.......##++#
#########


You could see a fire crab.

Vanquished Creatures
  An endoplasm (D)
1 creature vanquished.

Notes
Turn   | Place    | Note
-------+----------+-------------------------------------------
     0 | D        | mhtbhm the Gargoyle Fighter began the quest for the Orb.
     0 | D        | Reached XP level 1. HP: 14/14 MP: 1/1
    11 | D        | Noticed a fire crab
    21 | D        | Engulfed by a fire crab's flame

Illustrated notes

Levels and vault maps discovered:
D:        pitsprint [storerooms_1, entrance_room_1, metal_vault_4, armoury_2,
          mini_pit_1, grid_room_1, main_hall_1, silver_pit, the_coven_2,
          the_vestibule_1, steel_vault_3, golden_pit, hallway_of_sentries,
          crystal_vault_1, iron_vault_1, final_vault]

Action                   || total
-------------------------++-------
Melee: War axe           ||     5
  Use: Potion            ||     1
Armor: Scale mail        ||     4
Dodge: Dodged            ||     2

Table legend: (Time is in decaauts)
 A = Elapsed time spent in this place.
 B = Non-inter-level travel time spent in this place.
 C = Inter-level travel time spent in this place.
 D = Time resting spent in this place.
 E = Time spent auto-exploring this place.
 F = Levels seen in this place.
 G = Mean time per level.
                   A        B        C        D        E       F      G
               +--------+--------+--------+--------+--------+-----+--------+
         Total |     20 |     20 |      0 |      0 |     11 |   1 |   20.0 |
       Dungeon |     20 |     20 |      0 |      0 |     11 |   1 |   20.0 |
               +--------+--------+--------+--------+--------+-----+--------+

Top non-repeatable levels by time:
       D: 20 daAuts
